 Seeded DCSS version 0.29.1-1-gd02db6906a (webtiles) character file.

Game seed: 17670215216939988708 (custom seed)

537 Iusername the Covered (level 7, -4/60 HPs)
             Began as a Minotaur Fighter on Sept 15, 2022.
             Slain by a lemure (5 damage)
             ... led by Pikel
             ... on level 4 of the Dungeon.
             The game lasted 00:11:37 (4251 turns).

Iusername the Covered (Minotaur Fighter)            Turns: 4251, Time: 00:11:39

Health: -4/60      AC:  9    Str: 22    XL:     7   Next: 5%
Magic:  15/15      EV:  9    Int: 11    God:
Gold:   186        SH:  4    Dex: 10    Spells: 6/6 levels left

rFire   + . .      SeeInvis .   a - +0 long sword
rCold   . . .      Faith    .   c - +0 buckler
rNeg    . . .      Spirit   .   b - +0 scale mail
rPois   .          Reflect  .   (helmet restricted)
rElec   .          Harm     .   m - +0 cloak
rCorr   .          Rampage  .   (no gloves)
Will    .....                   (no boots)
Stlth   ..........              f - amulet "Elitaest" {rF+ Regen+ MP+9 Slay+3}
HPRegen 1.00/turn               h - ring of flight
MPRegen 0.14/turn               k - +6 ring of intelligence

@: flying
A: horns 2, retaliatory headbutt
a: no special abilities


You were on level 4 of the Dungeon.
You visited 1 branch of the dungeon, and saw 4 of its levels.

You collected 186 gold pieces.

Inventory:

Hand Weapons
 a - a +0 long sword (weapon)
Missiles
 g - a throwing net (quivered)
Armour
 b - a +0 scale mail (worn)
 c - a +0 buckler (worn)
 m - a +0 cloak (worn)
Jewellery
 f - the amulet "Elitaest" (around neck) {rF+ Regen+ MP+9 Slay+3}
   (You acquired it on level 1 of the Dungeon)

   [amulet of regeneration]

   Slay:      It affects your accuracy & damage with ranged weapons and melee
   (+3).
   rF:        It protects you from fire.
   MP:        It affects your magic capacity (+9).
   Regen:     It increases your rate of health regeneration.
 h - a ring of flight (left hand)
 k - a +6 ring of intelligence (right hand)
 l - a ring of willpower
Wands
 o - a wand of flame (6)
Scrolls
 d - 2 scrolls of identify {unknown}
 i - 2 scrolls of teleportation {unknown}
 j - a scroll of fear {unknown}
 s - a scroll of noise {unknown}
 t - a scroll of silence {unknown}
Potions
 e - a potion of brilliance {unknown}
 n - a potion of mutation {unknown}
 p - a potion of haste
 q - a potion of invisibility {unknown}
 r - a potion of flight {unknown}


   Skills:
 + Level 4.6 Fighting
 + Level 5.9 Long Blades
 + Level 6.4 Armour
 + Level 1.1 Dodging
 + Level 0.6 Stealth
 + Level 4.7 Shields


You had 6 spell levels left.
You didn't know any spells.
Your spell library was empty.

Dungeon Overview and Level Annotations

Branches:
Dungeon (4/15)
 Temple: D:4-7

Altars:
Vehumet

Shops:
D:1 =!!!(   D:2 :?=[:

Annotations:
D:4 Pikel


Innate Abilities, Weirdness & Mutations

You have a pair of horns on your head.
You reflexively headbutt those who attack you in melee.


Message History

Pikel and a lemure come into view.
Pikel is wielding a +2 whip of freezing.
Found a leather armour and a scroll labelled TOSAJY EHYELO.
Pikel shouts!
The lemure shouts!
A lemure comes into view. x2
The lemure shouts!
The lemure hits you but does no damage.
You see here 5 stones.
You slash Pikel! Your headbutt misses Pikel.
Pikel is moderately wounded.
Pikel hits you but does no damage. The lemure hits you but does no damage.
The lemure hits you.
You hit Pikel but do no damage. You headbutt Pikel!
Pikel is heavily wounded.
Pikel hits you with a +2 whip of freezing.
Pikel freezes you. The lemure hits you but does no damage.
The lemure completely misses you.
You closely miss Pikel.
Pikel is heavily wounded.
Pikel hits you with a +2 whip of freezing.
Pikel freezes you. You block the lemure's attack. The lemure barely misses you.
You furiously retaliate!
You headbutt the lemure! The lemure hits you! x2
You slash Pikel! Your headbutt misses Pikel.
Pikel is severely wounded.
Pikel barely misses you. The lemure hits you. The lemure closely misses you. x2
The lemure hits you.
You closely miss Pikel.
Pikel is severely wounded.
Pikel hits you with a +2 whip of freezing.
Pikel freezes you. The lemure hits you!
* * * LOW HITPOINT WARNING * * *
You block the lemure's attack. The lemure barely misses you.
The lemure hits you but does no damage. x2; The lemure closely misses you.
The lemure hits you but does no damage.
Pikel hits you with a +2 whip of freezing!
* * * LOW HITPOINT WARNING * * *
Pikel freezes you.
* * * LOW HITPOINT WARNING * * *
The lemure hits you.
You die...

...# ?...+ [...
#...
##########..#
....!.55#..#
......K@..#
......55..###
....$...>...#
.........##.#####
.........##.....#
....(....######.#
#######.........#
#.........###
#...........###


You could see Pikel and 4 lemures.

Vanquished Creatures
  Sigmund (D:2)
  A necrophage (D:4)
  Crazy Yiuf (D:2)
  A jelly (D:4)
  Jessica (D:3)
  Natasha (thrice) (D:3)
  Robin (D:2)
  3 gnolls (D:2)
  4 adders
  A worm (D:2)
  A dart slug (D:4)
  10 endoplasms
  4 giant cockroaches
  13 goblins
  7 hobgoblins
  5 jackals
  A kobold (D:1)
  A quokka (D:2)
  7 ball pythons
  4 bats
  A frilled lizard (D:2)
  3 rats
74 creatures vanquished.

Notes
Turn   | Place    | Note
-------+----------+-------------------------------------------
     0 | D:1      | Iusername the Minotaur Fighter began the quest for the Orb.
     0 | D:1      | Reached XP level 1. HP: 19/19 MP: 0/0
    84 | D:1      | Found Jocya's Jewellery Shoppe.
   396 | D:1      | Found a faded altar of an unknown god.
   402 | D:1      | Reached XP level 2. HP: 27/27 MP: 1/1
   520 | D:1      | Found Toatuuth's Distillery.
   551 | D:1      | Found Apoung's Weapon Boutique.
   577 | D:1      | Found Jaurafuu's Distillery.
   629 | D:1      | Found Misok's Distillery.
   837 | D:1      | Reached skill level 4 in Armour
  1050 | D:1      | Identified a scroll of acquirement
  1050 | D:1      | Acquired the amulet "Elitaest" {rF+ Regen+ MP+9 Slay+3}
  1189 | D:2      | Noticed Sigmund
  1219 | D:2      | Killed Sigmund
  1220 | D:2      | Reached skill level 5 in Armour
  1220 | D:2      | Reached XP level 3. HP: 18/33 MP: 2/2
  1220 | D:2      | Reached XP level 4. HP: 22/40 MP: 3/3
  1220 | D:2      | Reached XP level 5. HP: 26/46 MP: 4/4
  1592 | D:2      | Found a runed translucent door.
  1593 | D:2      | Noticed Crazy Yiuf
  1602 | D:2      | Killed Crazy Yiuf
  2450 | D:2      | Found Ozonem's Magic Scroll Emporium.
  2533 | D:2      | Found Eckont's Jewellery Emporium.
  2567 | D:2      | Noticed Robin
  2589 | D:2      | Reached XP level 6. HP: 52/52 MP: 5/5
  2624 | D:2      | Killed Robin
  2625 | D:2      | Reached skill level 5 in Long Blades
  2765 | D:2      | Found Siyff's Book Shop.
  2898 | D:2      | Found Wugikhlekh's Antique Armour Shoppe.
  2979 | D:2      | Found Rivub's Book Emporium.
  3212 | D:3      | Noticed Natasha
  3217 | D:3      | Killed Natasha
  3218 | D:3      | Reached skill level 6 in Armour
  3310 | D:3      | Found a radiant altar of Vehumet.
  3362 | D:3      | Noticed Jessica
  3375 | D:3      | Killed Jessica
  3911 | D:3      | Noticed Natasha
  3915 | D:3      | Killed Natasha
  4060 | D:3      | Noticed Natasha
  4068 | D:3      | Killed Natasha
  4160 | D:4      | Reached skill level 1 in Dodging
  4202 | D:4      | Reached XP level 7. HP: 49/60 MP: 6/6
  4243 | D:4      | Noticed Pikel
  4251 | D:4      | HP: 1/60 [Pikel/+2 whip of freezing (5)]
  4251 | D:4      | Slain by a lemure

Illustrated notes

Levels and vault maps discovered:
D:1:      scummos_arrival_forest, layout_loops_corners,
          shapermc_ecumenical_altar_mp_highgroup, serial_shops, shop,
          nicolae_shop_hallway_stairs, nicolae_shop_waterfront,
          nicolae_diamond_shop, nicolae_shop_waterfront
D:2:      layout_basic, serial_shops, shop_fountains, shop_statue,
          nicolae_shop_hallway_stairs, shop, nicolae_diamond_shop,
          dk_noncrumbling_4, uniq_sigmund, uniq_robin, uniq_crazy_yiuf_cottage
D:3:      layout_loops_corners, mainiacjoe_overflow_alcove_1, minivault_27,
          uniq_jessica, uniq_natasha
D:4:      layout_basic, chequers_temple_overflow_minitemple,
          minmay_temple_entry_butterflies, serial_shops, shop, uniq_pikel

Skill      XL: |  1  2  3  4  5  6 |
---------------+-------------------+-----
Shields        | 4 |  4.7
Armour         | 5 6 |  6.4
Fighting       | 4 |  4.6
Long Blades    | 3 4 5 |  5.9
Dodging        | 1 |  1.1
Stealth        | |  0.6

Action                   |  1- 3 |  4- 6 |  7- 9 || total
-------------------------+-------+-------+-------++-------
Melee: Long sword        |    41 |   122 |     5 ||   168
       Headbutt          |     6 |    15 |     1 ||    22
  Use: Potion            |     1 |     1 |       ||     2
       Scroll            |     1 |       |       ||     1
Armor: Scale mail        |    21 |    50 |     7 ||    78
Dodge: Dodged            |    19 |    54 |     7 ||    80
Block: Buckler           |     3 |    22 |     2 ||    27
